 Dungeon Crawl Stone Soup version 0.15-a0-734-g2b8d6ef (webtiles) character file.

10021 4tharraofdagon the Splendid Chronographer (level 11, -3/96 HPs)
             Began as a Naga Transmuter on May 11, 2014.
             Was a Priest of Cheibriados.
             Slain by an orc knight
             ... wielding a +0,+0 trident
              (21 damage)
             ... in a bailey.
             The game lasted 00:37:17 (4121 turns).

4tharraofdagon the Splendid Chronographer (NaTm)    Turns: 4121, Time: 00:37:17

HP  -3/96        AC  2     Str 21      XL: 11   Next: 55%
MP  19/26        EV 28     Int 21      God: Cheibriados [***...]
Gold 295         SH  0     Dex 28      Spells:  5 memorised,  4 levels left

rFire  . . .     SeeInvis +       - Unarmed
rCold  + . .     Clarity  .     M - melded +0 robe (curse)
rNeg   . . .     Conserve .     (shield currently unavailable)
rPois  x         rCorr    .     (helmet currently unavailable)
rElec  .         rRot     .     D - melded +0 cloak
SustAb . .       Spirit   .     (gloves currently unavailable)
rMut   .         Warding  .     (no barding)
Gourm  +         Stasis   .     E - amulet of the gourmand
MR     +....                    N - ring of protection from cold
                                n - +2 ring of evasion

@: spider-form, short of breath, very slow, somewhat resistant to hostile
enchantments, very stealthy
A: breathe poison, see invisible, breathe poison, (deformed body), (fire
resistance 0), (poison resistance), (slowness 0), slow metabolism 1, AC +3
a: Breathe Poison Gas, End Transformation, Bend Time, Temporal Distortion,
Renounce Religion


You were in a bailey.
You worshipped Cheibriados.
Cheibriados was most pleased with you.
You were completely stuffed.
You were in spider-form.
You visited 2 branches of the dungeon, and saw 13 of its levels.
You also visited: Bailey.

You collected 365 gold pieces.
You spent 70 gold pieces at shops.

Inventory:

Hand weapons
 o - a +2,+0 glaive
 u - the +3,+7 spear of the Dark Horse {pierce, -Cast rElec rN+ MR++ Dex+2, unknown}
   (You found it on level 12 of the Dungeon)

   It inflicts extra damage upon your enemies.
   It affects your dexterity (+2).
   It insulates you from electricity.
   It protects you from negative energy.
   It affects your resistance to hostile enchantments.
   It prevents spellcasting.
Missiles
 b - 12 arrows
 f - 14 exploding darts
 g - a dart of frost (quivered)
 l - 4 needles of paralysis
Armour
 c - a +1 robe
 D - a +0 cloak (melded)
 I - a cursed +0 shield
 M - a cursed +0 robe (melded)
Magical devices
 i - a wand of magic darts (9)
 t - a wand of flame (6)
 B - a wand of slowing (19)
Comestibles
 a - 6 bread rations
 H - 2 meat rations
 K - 5 lemons
 L - 6 cheeses
Scrolls
 e - 7 scrolls of remove curse
 h - 2 scrolls of random uselessness {unknown}
 j - 2 scrolls of recharging {unknown}
 k - a scroll of enchant weapon II {unknown}
 q - a scroll of amnesia {unknown}
Jewellery
 n - a +2 ring of evasion (left front leg)
 p - an uncursed ring of flight
 E - an amulet of the gourmand (around neck)
 N - a ring of protection from cold (right front leg)
Potions
 m - 2 potions of haste
 r - 3 potions of berserk rage
 w - 2 potions of curing
 z - a potion of might
Books
 d - a book of Changes

   Spells                             Type                      Level
   *Beastly Appendage                 Transmutation                1
   Sticks to Snakes                   Transmutation                2
   *Spider Form                       Transmutation/Poison         3
   *Ice Form                          Ice/Transmutation            4
   *Blade Hands                       Transmutation                5
 v - a book of Flames

   Spells                             Type                      Level
   Flame Tongue                       Conjuration/Fire             1
   Throw Flame                        Conjuration/Fire             2
   *Conjure Flame                     Conjuration/Fire             3
   Inner Flame                        Hexes/Fire                   3
   Sticky Flame                       Conjuration/Fire             4
   Fireball                           Conjuration/Fire             5


   Skills:
 + Level 5.4 Fighting
 + Level 4.6 Dodging
 + Level 8.6 Stealth
 * Level 8.6 Unarmed Combat
 + Level 5.4 Spellcasting
 + Level 5.9 Transmutations
 + Level 11.9 Invocations


You had 4 spell levels left.
You knew the following spells:

 Your Spells              Type           Power        Failure   Level  Hunger
a - Beastly Appendage     Trmt           ####..       4%          1    None
b - Spider Form           Trmt/Pois      ###.......   28%         3    ##.....
c - Blade Hands           Trmt           ####......   50%         5    #####..
d - Ice Form              Ice/Trmt       ###.......   56%         4    ####...
e - Conjure Flame         Conj/Fire      #.......     56%         3    ##.....


Dungeon Overview and Level Annotations

Branches:
Dungeon (12/15)            Temple (1/1) D:4            Lair (0/8) D:11
    Orc: D:9-12

Altars:
Ashenzari
Cheibriados
Elyvilon
Fedhas
Gozag
Kikubaaqudgha
Makhleb
Nemelex Xobeh
Okawaru
Qazlal
Sif Muna
Trog
Xom
Yredelemnul
Zin
The Shining One

Shops:
D:5 ?

Annotations:
D:5 4tharraofdagon's ghost, weakling MiGl
D:10 Amnesiac's ghost, experienced HaEn


Innate Abilities, Weirdness & Mutations

You cannot wear boots.
((Your serpentine skin is tough (AC +3).))*
You have supernaturally acute eyesight.
((Armour fits poorly on your strangely shaped body.))*
((Your system is resistant to poisons.))*
((You cover ground very slowly.))*
You can exhale a cloud of poison.
((Your flesh is heat resistant.))*
You have a slow metabolism.


Message History

The fire roars!
The orc knight is engulfed in poison gas.
Unknown command.
Casting: Conjure Flame
Confirm with . or Enter, or press ? or * to list all spells.
You turn into a venomous arachnid creature.
Your +0 cloak melds into your body.
Your cursed +0 robe melds into your body.
The orc knight hits you from afar with a trident.
Unknown command.
Unknown command.
Unknown command.
The orc knight hits you from afar with a trident!
* * * LOW HITPOINT WARNING * * *
Unknown command.
Unknown command.
Drink which item? (? for menu, Esc to quit)
You feel better.
The orc knight hits you from afar with a trident!
You die...

############ #######
#..........###.....#######
............'.......#.....
#..???.......'.......'.....
#∩.?.?..§.s..'.)....)'..).[
#..?....o....'.......'.)...
............'.......#.)...
#..........###.....#######
############ #######


You could see an orc knight.

Vanquished Creatures
  4 orc knights (Bailey)
  A centaur skeleton (D:11)
  A shadow (D:12)
  A deep elf mage (D:12)
  2 yaks (D:8)
  Eustachio (D:6)
  5 ugly things (D:11)
  An ice beast (D:12)
  9 orc warriors
  A black bear (D:7)
  2 ogres (D:6)
  2 centaurs
  Sigmund (D:4)
  2 big kobolds (D:8)
  A jelly (D:11)
  5 wights (D:11)
  A troll skeleton (D:11)
  2 crimson imps
  4 orc priests
  6 hounds
  6 orc wizards
  4 worker ants
  2 sheep (D:8)
  Ijyb (D:5)
  A mottled dragon skeleton (D:9)
  18 gnolls
  8 adders
  A shadow imp (D:5)
  A steam dragon skeleton (D:9)
  An orc skeleton (D:5)
  2 worms (D:6)
  51 orcs
  4 giant cockroaches
  11 hobgoblins
  6 jackals
  3 kobolds
  3 quokkas
  4 ball pythons
  6 bats
  4 giant geckos
  A giant spore (D:10)
  3 goblins
  A hobgoblin skeleton (D:4)
  A quokka skeleton (D:4)
  9 rats
  A ballistomycete (D:10)
205 creatures vanquished.

Notes
Turn   | Place    | Note
--------------------------------------------------------------
     0 | D:1      | 4tharraofdagon, the Naga Transmuter, began the quest for the Orb.
     0 | D:1      | Reached XP level 1. HP: 18/18 MP: 3/3
    88 | D:2      | Reached XP level 2. HP: 11/25 MP: 4/4
   309 | D:4      | Reached XP level 3. HP: 18/31 MP: 6/6
   314 | D:4      | Learned a level 3 spell: Spider Form
   327 | D:4      | Found a staircase to the Ecumenical Temple.
   337 | Temple   | Entered the Ecumenical Temple
   361 | Temple   | Became a worshipper of Cheibriados the Contemplative
   550 | D:3      | Reached XP level 4. HP: 29/39 MP: 7/7
   759 | D:3      | Reached skill level 4 in Unarmed Combat
   835 | D:4      | Found a burning altar of Makhleb.
   882 | D:5      | Entered Level 5 of the Dungeon
   891 | D:5      | Noticed a phantom
   995 | D:4      | Reached XP level 5. HP: 45/45 MP: 9/9
  1027 | D:4      | Noticed Sigmund
  1041 | D:4      | Killed Sigmund
  1041 | D:4      | Reached skill level 1 in Stealth
  1049 | D:4      | Learned a level 5 spell: Blade Hands
  1080 | D:5      | Found Chighagydu's Magic Scroll Emporium.
  1086 | D:5      | Bought a scroll of identify for 28 gold pieces
  1086 | D:5      | Bought a scroll of remove curse for 42 gold pieces
  1091 | D:5      | Noticed 4tharraofdagon's ghost (weakling MiGl)
  1192 | D:5      | Found a bloodstained altar of Trog.
  1210 | D:5      | Noticed an ice beast
  1226 | D:5      | Noticed Ijyb
  1233 | D:5      | Killed Ijyb
  1233 | D:5      | Reached XP level 6. HP: 52/54 MP: 7/11
  1335 | D:6      | Noticed Eustachio
  1367 | D:6      | Killed Eustachio
  1367 | D:6      | Reached skill level 1 in Invocations
  1397 | D:6      | Found an iron altar of Okawaru.
  1411 | D:6      | Found a white marble altar of Elyvilon.
  1601 | D:6      | Reached skill level 5 in Unarmed Combat
  1601 | D:6      | Reached XP level 7. HP: 61/61 MP: 9/14
  2129 | D:8      | Reached XP level 8. HP: 62/69 MP: 12/16
  2189 | D:9      | Acquired Cheibriados' first power
  2229 | D:8      | Noticed a yak
  2229 | D:8      | Noticed a yak
  2249 | D:8      | Killed a yak
  2249 | D:8      | Reached skill level 5 in Stealth
  2253 | D:8      | Killed a yak
  2253 | D:8      | Reached skill level 6 in Unarmed Combat
  2441 | D:10     | Entered Level 10 of the Dungeon
  2493 | D:10     | Noticed Amnesiac's ghost (experienced HaEn)
  2521 | D:10     | Learned a level 4 spell: Ice Form
  2686 | D:10     | hahaha
  2689 | D:10     | 4th
  2690 | D:10     | 5th
  2692 | D:10     | Reached XP level 9. HP: 27/78 MP: 16/20
  2693 | D:10     | one priest, 4 turns, 6 smites
  2912 | D:11     | Acquired Cheibriados' second power
  2970 | D:11     | Learned a level 3 spell: Conjure Flame
  3007 | D:11     | Found a staircase to the Lair.
  3041 | D:11     | Reached skill level 7 in Unarmed Combat
  3057 | D:11     | Reached skill level 5 in Transmutations
  3067 | D:11     | Gained mutation: You can exhale a cloud of poison. [potion of mutation]
  3067 | D:11     | Gained mutation: Your flesh is heat resistant. [potion of mutation]
  3067 | D:11     | Gained mutation: You have a slow metabolism. [potion of mutation]
  3209 | D:12     | Reached skill level 5 in Fighting
  3209 | D:12     | Reached XP level 10. HP: 48/88 MP: 17/21
  3214 | D:12     | Reached skill level 5 in Spellcasting
  3269 | D:12     | Found a flagged portal.
  3276 | D:12     | Got a crystal spear
  3279 | Bailey   | Entered a bailey
  3466 | Bailey   | Reached skill level 8 in Unarmed Combat
  3679 | Bailey   | Reached skill level 11 in Invocations
  3679 | Bailey   | Reached XP level 11. HP: 77/94 MP: 22/25
  3683 | Bailey   | Noticed an orc knight
  3683 | Bailey   | Noticed an orc knight
  3684 | Bailey   | Noticed an orc knight
  3734 | Bailey   | Killed an orc knight
  3753 | Bailey   | Noticed an orc knight
  3759 | Bailey   | Killed an orc knight
  3820 | Bailey   | Acquired Cheibriados' third power
  3824 | Bailey   | Killed an orc knight
  4030 | Bailey   | hmm
  4041 | Bailey   | Killed an orc knight
  4115 | Bailey   | Noticed an orc knight
  4121 | Bailey   | Slain by an orc knight

Action                   |  1- 3 |  4- 6 |  7- 9 | 10-12 || total
-------------------------+-------+-------+-------+-------++-------
Melee: Unarmed           |    51 |   100 |   240 |    57 ||   448
Throw: Dart              |    25 |    13 |     1 |       ||    39
 Cast: Beastly Appendage |     4 |     3 |       |       ||     7
       Spider Form       |     1 |     9 |    37 |    10 ||    57
       Conjure Flame     |       |       |       |     5 ||     5
Invok: Slouch            |       |       |     1 |     4 ||     5
 Abil: Spit Poison       |    21 |    20 |    10 |       ||    51
       Breathe Poison Ga |       |       |     4 |     9 ||    13
       End Transformatio |       |       |     1 |     6 ||     7
Evoke: Wand              |     1 |     1 |     6 |       ||     8
  Use: Potion            |     3 |       |     8 |     8 ||    19
       Scroll            |       |     4 |     6 |     7 ||    17
 Stab: Sleeping          |       |       |     4 |       ||     4
       Invisible         |       |       |     1 |       ||     1

Vault maps used:
D:1:      eino_arrival_cavern_d, roderic_cross_of_infinity, minmay_unequal
D:4:      makhleb_heckhound_becter, minmay_temple_entry_glassed_door,
          serial_forest, infiniplex_forest_end_3, infiniplex_forest_clump_small,
          infiniplex_forest_corner_1, infiniplex_forest_end_2,
          infiniplex_forest_clump_C, infiniplex_forest_corner_2,
          infiniplex_forest_lined_room_, infiniplex_forest_corner_2,
          infiniplex_forest_zigzag_2, kennysheep_generic_room_5, uniq_sigmund,
          uniq_crazy_yiuf_cottage
D:5:      lemuel_crystal_altar, serial_shops, nicolae_shop_waterfront,
          first_bread, uniq_iyjb
D:6:      lemuel_crystal_altar, vehumet_statue, okawaru_gym_becter,
          uniq_eustachio
D:8:      lemuel_round_altar, hangedman_ranch, uniq_pikel
D:10:     minmay_misc_feat_doors
D:11:     lair_0_dummy, serial_park, serial_park_tiny_2, serial_park_tiny_2,
          serial_park_tiny_2, serial_park_tiny_pond
D:12:     david_orc_2, enter_bailey_2
Temple:   triangle_lava_temple_12
Bailey:   bailey_polearm_5, bailey
